 Dungeon Crawl Stone Soup version 0.30-a0-322-g102857c98e (webtiles) character file.

Game seed: 13096027390161295797

40 p00ps00p the Trooper (level 3, -2/33 HPs)
             Began as a Hill Orc Fighter on Oct 28, 2022.
             Slain by an adder (3 damage)
             ... on level 2 of the Dungeon.
             The game lasted 00:01:58 (611 turns).

p00ps00p the Trooper (Hill Orc Fighter)              Turns: 611, Time: 00:01:58

Health: -2/33      AC:  7    Str: 20    XL:     3   Next: 50%
Magic:  3/3        EV:  5    Int:  8    God:
Gold:   52         SH: 12    Dex: 10    Spells: 2/2 levels left

rFire   . . .      SeeInvis .    a - +0 war axe
rCold   . . .      Faith    .    e - +0 tower shield
rNeg    . . .      Spirit   .    b - +0 scale mail
rPois   .          Reflect  .    (no helmet)
rElec   .          Harm     .    (no cloak)
rCorr   .          Rampage  .    (no gloves)
Will    .....                    (no boots)
Stlth   ..........               (no amulet)
HPRegen 0.25/turn                (no ring)
MPRegen 0.08/turn                (no ring)

@: lethally poisoned (-2 -> -4), attractive
A: no striking features
a: no special abilities


You were on level 2 of the Dungeon.
You visited 1 branch of the dungeon, and saw 2 of its levels.

You collected 52 gold pieces.

Inventory:

Hand Weapons
 a - a +0 war axe (weapon)
Armour
 b - a +0 scale mail (worn)
 c - a +0 buckler
 e - a +0 tower shield (worn)
Scrolls
 h - a scroll of enchant weapon {unknown}
Potions
 d - a potion of might
 g - a potion of lignification {unknown}
 i - a potion of mutation {unknown}


   Skills:
 + Level 4.1 Fighting
 + Level 3.4 Axes
 + Level 3.7 Armour
 + Level 3.7 Shields


You had 2 spell levels left.
You didn't know any spells.
Your spell library contained the following spells:

 Spells                   Type           Power      Damage    Failure   Level
 Apportation              Tloc           0%         N/A       100%        1
 Necrotise                Necr           0%         1d4       100%        1
 Summon Small Mammal      Summ           0%         N/A       100%        1


Dungeon Overview and Level Annotations

Branches:
Dungeon (2/15)

Altars:


Message History

You block the adder's attack. x2
You barely miss the adder. The adder bites you but does no damage.
You block the adder's attack.
You miss the adder. The adder barely misses you. The adder bites you.
The adder barely misses you.
You barely miss the adder. The adder bites you. The adder barely misses you.
You miss the adder. The adder closely misses you. You block the adder's attack.
You miss the adder. You block the adder's attack. x2
You slash the adder!
The adder is almost dead.
The adder closely misses you. The adder bites you but does no damage.
You hit the adder.
The adder is almost dead.
You block the adder's attack. The adder barely misses you. The adder bites you.
You are poisoned.
The adder poisons you!
You closely miss the adder.
The adder is almost dead.
You feel very sick. The adder bites you but does no damage.
You block the adder's attack.
You hit the adder.
The adder is almost dead.
You feel sick. The adder bites you but does no damage.
You block the adder's attack.
You closely miss the adder.
The adder is almost dead.
You feel sick. You block the adder's attack. The adder bites you.
* * * LOW HITPOINT WARNING * * *
You are lethally poisoned!
The adder poisons you!
You barely miss the adder.
The adder is almost dead.
* * * LOW HITPOINT WARNING * * *
You feel very sick. You block the adder's attack. x2
It was a potion of attraction.
You feel attractive to monsters.
* * * LOW HITPOINT WARNING * * *
You feel sick. The adder bites you.
You die...

#.....# ##
#.....####.
......... .......
.....# ....# #...#
###...# ##@....# #
##.S##..#
#.##..###..#
#.......#..#
####.##.#..#######
.......†#.........
.....##......#
...#### #.#^##.#
.. #.#.# #


You could see an adder.

Vanquished Creatures
  A gnoll (D:1)
  A dart slug (D:1)
  4 endoplasms (D:1)
  3 giant cockroaches (D:1)
  4 goblins (D:1)
  A hobgoblin (D:1)
  2 quokkas (D:1)
  2 ball pythons (D:1)
  2 bats
  4 frilled lizards
  A kobold (D:1)
  3 rats (D:1)
28 creatures vanquished.

Notes
Turn   | Place    | Note
-------+----------+-------------------------------------------
     0 | D:1      | p00ps00p the Hill Orc Fighter began the quest for the Orb.
     0 | D:1      | Reached XP level 1. HP: 19/19 MP: 1/1
   125 | D:1      | Reached XP level 2. HP: 27/27 MP: 2/2
   349 | D:1      | Reached skill level 4 in Fighting
   449 | D:1      | Reached XP level 3. HP: 33/33 MP: 3/3
   567 | D:1      | You fall into a shaft and drop 1 floor!
   611 | D:2      | HP: 1/33 [poisoned by an adder]
   611 | D:2      | Slain by an adder

Illustrated notes

Levels and vault maps discovered:
D:1:      pf_arrival_petrified_forest, layout_loops_ring,
          ebering_dispersal_statue_hall, st_stairs_7
D:2:      layout_basic, uniq_jessica

Skill      XL: |  1  2 |
---------------+-------+-----
Axes           | 3 |  3.4
Fighting       | 4 |  4.1
Armour         | |  3.7
Shields        | |  3.7

Action                   || total
-------------------------++-------
Melee: War axe           ||    86
  Use: Potion            ||     1
Armor: Scale mail        ||    39
Dodge: Dodged            ||    36
Block: Buckler           ||     2
       Tower shield      ||    61

Table legend: (Time is in decaauts)
 A = Elapsed time spent in this place.
 B = Non-inter-level travel time spent in this place.
 C = Inter-level travel time spent in this place.
 D = Time resting spent in this place.
 E = Time spent auto-exploring this place.
 F = Levels seen in this place.
 G = Mean time per level.
                   A        B        C        D        E       F      G
               +--------+--------+--------+--------+--------+-----+--------+
         Total |    669 |    669 |      0 |      0 |    378 |   2 |  334.5 |
       Dungeon |    669 |    669 |      0 |      0 |    378 |   2 |  334.5 |
               +--------+--------+--------+--------+--------+-----+--------+

Top non-repeatable levels by time:
     D:1: 607 daAuts
     D:2: 62 daAuts
